 Dungeon Crawl Stone Soup version 0.19.0-2-gae57169 (webtiles) character file.

5147 Monkfish the Covert (level 10, -5/61 HPs)
             Began as a Kobold Berserker on Nov 4, 2016.
             Was an Elder of Trog.
             Slain by a vampire (13 damage)
             ... on level 11 of the Dungeon.
             The game lasted 00:13:27 (6852 turns).

Monkfish the Covert (Kobold Berserker)              Turns: 6852, Time: 00:13:28

Health: -5/61      AC:  8    Str: 16    XL:     10   Next: 89%
Magic:  10/10      EV: 19    Int: 15    God:    Trog [****..]
Gold:   617        SH:  0    Dex: 17    Spells: 0 memorised, 9 levels left

rFire  + . .     SeeInvis .     a - +3 short sword (drain)
rCold  x . .     Gourm    .     s - +0 leather armour
rNeg   . . .     Faith    .     (shield restricted)
rPois  +         Spirit   .     k - +0 helmet
rElec  +         Reflect  .     (no cloak)
rCorr  .         Harm     .     j - +0 pair of gloves
MR     ++...                    (no boots)
Stlth  ++++++....               (no amulet)
                                z - ring "Woqadum" {Fire rElec rPois Int+7 Stlth+}
                                g - +3 ring of protection

@: exhausted, about to teleport, regenerating, slowed, very slow
A: hooves 1, carnivore 3
a: Berserk, Trog's Hand, Brothers in Arms, Burn Spellbooks, Renounce Religion


You were on level 11 of the Dungeon.
You worshipped Trog.
Trog was greatly pleased with you.
You were full.

You visited 1 branch of the dungeon, and saw 11 of its levels.

You collected 617 gold pieces.

Inventory:

Hand Weapons
 a - a +3 short sword of draining (weapon)
 m - a +0 dagger of protection
Armour
 j - a +0 pair of gloves (worn)
 k - a +0 helmet (worn)
 s - a +0 leather armour (worn)
Jewellery
 f - an uncursed ring of stealth
 g - a +3 ring of protection (left hand)
 q - an uncursed ring of resist corrosion
 z - the ring "Woqadum" (right hand) {Fire rElec rPois Int+7 Stlth+}
   (You acquired it on level 10 of the Dungeon)

   [ring of fire]

   It enhances your fire magic.
   It affects your intelligence (+7).
   It protects you from fire.
   It makes you vulnerable to cold.
   It insulates you from electricity.
   It protects you from poison.
   It makes you more stealthy.
Wands
 r - a wand of disintegration (19/24)
 y - a wand of polymorph (14/24)
Scrolls
 b - 4 scrolls of magic mapping
 d - 4 scrolls of immolation
 e - 4 scrolls of recharging
 h - a scroll of teleportation
 n - 3 scrolls of remove curse
 w - 2 scrolls of fog
 x - a scroll of enchant weapon
 B - 2 scrolls of identify
Potions
 l - 3 potions of flight
 o - 3 potions of cancellation
 t - a potion of curing
 u - a potion of resistance
Comestibles
 c - 4 meat rations
 i - 2 royal jellies
 p - 7 slices of pizza


   Skills:
 + Level 6.6 Fighting
 + Level 12.0 Short Blades
 - Level 1.5 Armour
 + Level 7.2 Dodging
 * Level 13.4 Stealth


You had 9 spell levels left.
You didn't know any spells.

Dungeon Overview and Level Annotations

Branches:
Dungeon (11/15)            Temple (0/1) D:4
   Lair: D:8-11         Orc: D:9-12

Altars:
Cheibriados
Fedhas
Hepliaklqana
Makhleb
Qazlal
Sif Muna

Shops:
D:9 }

Annotations:
D:7 1 runed door


Innate Abilities, Weirdness & Mutations

You are small and have problems with some larger weapons.
You are carnivorous and can eat meat at any time.
You have large cloven feet.


Message History

Something barely misses you.
You puncture something! You barely miss something. You kick something.
Something hits you. Something bites you!
* * * LOW HITPOINT WARNING * * *
Something draws strength from your injuries!
You feel better. Something hits you. Something bites you.
* * * LOW HITPOINT WARNING * * *
Something draws strength from your injuries!
Something hits you.
* * * LOW HITPOINT WARNING * * *
Something bites you!
* * * LOW HITPOINT WARNING * * *
Something draws strength from your injuries!
As you read the scroll of teleportation, it crumbles to dust.
You feel strangely unstable. Something hits you.
* * * LOW HITPOINT WARNING * * *
Something closely misses you. Something hits you!
You die...

#....# . #....#
....... #....#
#........ #....#
#........ #....#
#(.)(.... #....#
#(....... #....#
#........
#....#####........
#...>@..((........
#.....###.(.......
#.....# #.()##....
#.....# #)).# .#
#.....# #..)#
#.....# #...#
#.)...# #...#
#.....# #...#
#.....# #...#


There were no monsters in sight!

Vanquished Creatures
  A hill giant (D:11)
  The ghost of
  1994 the Charmwright, a novice HESk of Vehumet (D:7)
  A two-headed ogre (D:9)
  A wyvern (D:10)
  A hungry ghost (D:7)
  2 orc warriors
  3 ice beasts
  3 black bears
  3 phantoms
  8 centaurs
  4 ogres
  3 bullfrogs
  A gnoll sergeant (D:4)
  5 scorpions
  3 wights (D:6)
  6 crimson imps
  2 howler monkeys (D:6)
  A centaur zombie (D:7)
  6 hounds
  3 orc priests
  2 iguanas
  2 orc wizards (D:6)
  4 worker ants
  A howler monkey skeleton (D:6)
  11 adders
  5 gnolls (D:4)
  A shadow imp (D:6)
  An ooze (D:3)
  2 adder zombies
  An adder skeleton (D:8)
  3 worms
  3 dart slugs
  2 leopard geckos
  23 orcs
  6 goblins
  2 hobgoblins (D:2)
  2 quokkas
  5 bats
  5 frilled lizards
  5 kobolds
  A leopard gecko zombie (D:5)
  A quokka skeleton (D:5)
  8 rats
154 creatures vanquished.

Notes
Turn   | Place    | Note
-------+----------+-------------------------------------------
     0 | D:1      | Monkfish the Kobold Berserker began the quest for the Orb.
     0 | D:1      | Reached XP level 1. HP: 14/14 MP: 1/1
   105 | D:1      | Reached skill level 1 in Stealth
   105 | D:1      | Reached XP level 2. HP: 19/19 MP: 2/2
   586 | D:2      | Reached XP level 3. HP: 7/23 MP: 3/3
   851 | D:2      | Found a snail-covered altar of Cheibriados.
  1124 | D:2      | Reached ** piety under Trog
  1648 | D:3      | Reached XP level 4. HP: 29/29 MP: 4/4
  1659 | D:3      | Reached skill level 2 in Stealth
  1748 | D:3      | Reached skill level 5 in Short Blades
  1867 | D:3      | Reached skill level 3 in Stealth
  2043 | D:3      | Gained mutation: You are clumsy. (Dex -2) [potion of mutation]
  2043 | D:3      | Gained mutation: You have large cloven feet. [potion of mutation]
  2043 | D:3      | Lost mutation: You are clumsy. (Dex -2) [potion of mutation]
  2138 | D:4      | Reached XP level 5. HP: 30/33 MP: 5/5
  2279 | D:4      | Noticed an ogre
  2290 | D:4      | Killed an ogre
  2290 | D:4      | Reached skill level 4 in Stealth
  2290 | D:4      | Reached XP level 6. HP: 38/38 MP: 6/6
  2395 | D:4      | Found a staircase to the Ecumenical Temple.
  2583 | D:4      | Reached skill level 5 in Stealth
  2583 | D:4      | Reached XP level 7. HP: 43/43 MP: 7/7
  2764 | D:5      | Entered Level 5 of the Dungeon
  2843 | D:5      | Found a blossoming altar of Fedhas.
  2935 | D:5      | Found a deep blue altar of Sif Muna.
  2944 | D:5      | Found a stormy altar of Qazlal.
  3004 | D:5      | Found a burning altar of Makhleb.
  3004 | D:5      | Noticed a blizzard demon
  3007 | D:5      | Noticed an orange demon
  3007 | D:5      | Noticed a hellwing
  3168 | D:4      | Reached XP level 8. HP: 33/48 MP: 8/8
  3305 | D:6      | Reached skill level 6 in Stealth
  3400 | D:6      | Reached *** piety under Trog
  3434 | D:6      | Reached skill level 5 in Fighting
  3434 | D:6      | Reached skill level 5 in Dodging
  3524 | D:6      | Reached skill level 7 in Stealth
  3741 | D:6      | Reached XP level 9. HP: 54/54 MP: 9/9
  3746 | D:6      | Reached skill level 8 in Stealth
  3905 | D:6      | Reached skill level 10 in Short Blades
  4030 | D:6      | Found a hazy altar of Hepliaklqana.
  4030 | D:6      | Found a burning altar of Makhleb.
  4258 | D:7      | Found a runed door.
  4259 | D:7      | Noticed a sixfirhy
  4502 | D:7      | Reached skill level 9 in Stealth
  4753 | D:7      | Noticed 1994's ghost (novice HESk)
  4779 | D:7      | Killed 1994's ghost
  4779 | D:7      | Reached skill level 10 in Stealth
  4863 | D:8      | Reached **** piety under Trog
  4947 | D:8      | Reached XP level 10. HP: 60/60 MP: 10/10
  5223 | D:8      | Reached skill level 11 in Stealth
  5687 | D:9      | Found Mielunig's Gadget Shoppe.
  5754 | D:9      | Reached skill level 12 in Stealth
  5909 | D:10     | Entered Level 10 of the Dungeon
  6737 | D:10     | Identified a scroll of acquirement
  6738 | D:10     | Got a clouded amber ring
  6740 | D:10     | Identified the ring "Woqadum" {Fire rElec rPois Int+7 Stlth+} (You acquired it on level 10 of the Dungeon)
  6748 | D:11     | Noticed a hill giant
  6801 | D:11     | Noticed a hill giant
  6808 | D:11     | Killed a hill giant
  6808 | D:11     | Reached skill level 13 in Stealth
  6852 | D:11     | Slain by a vampire

Skill      XL: |  1  2  3  4  5  6  7  8  9 10 |
---------------+-------------------------------+-----
Stealth        | 1 3 4 5 7 10 13 | 13.4
Short Blades   | 5 6 8 9 11 12 | 12.0
Dodging        | 3 4 5 6 7 |  7.2
Fighting       | 4 5 6 |  6.6
Armour         | |  1.5

Action                   |  1- 3 |  4- 6 |  7- 9 | 10-12 || total
-------------------------+-------+-------+-------+-------++-------
Melee: Short sword       |    93 |   114 |   268 |   135 ||   610
       Kick              |       |    21 |    77 |    41 ||   139
Invok: Berserk           |     2 |     2 |     6 |     2 ||    12
       Trog's Hand       |       |       |     2 |     1 ||     3
       Burn Spellbooks   |       |       |     1 |     1 ||     2
  Use: Scroll            |     7 |     5 |     7 |     3 ||    22
       Potion            |     3 |     4 |     4 |     2 ||    13
 Stab: Sleeping          |     3 |     3 |    13 |    10 ||    29
       Distracted        |       |       |       |     2 ||     2
  Eat: Chunk             |     3 |     2 |    17 |     8 ||    30
       Meat ration       |     1 |       |       |       ||     1
Armor: Animal skin       |    10 |    21 |    28 |       ||    59
       Leather armour    |       |       |     8 |    15 ||    23
Dodge: Dodged            |    71 |    57 |   130 |    63 ||   321
